 Dungeon Crawl Stone Soup version 0.28.0-53-g5a82cb258f (webtiles) character file.

Game seed: 2848906510967563725

32 issech the Skirmisher (level 3, -4/33 HPs)
             Began as a Minotaur Monk on June 21, 2022.
             Succumbed to Jessica's poison
             ... on level 2 of the Dungeon.
             The game lasted 00:02:04 (1249 turns).

issech the Skirmisher (Minotaur Monk)               Turns: 1249, Time: 00:02:04

Health: -4/33      AC:  5    Str: 15    XL:     3   Next: 8%
Magic:  2/2        EV: 12    Int:  7    God:
Gold:   38         SH:  0    Dex: 14    Spells: 2/2 levels left

rFire   . . .      SeeInvis .   a - +0 hand axe
rCold   . . .      Faith    .   (no shield)
rNeg    . . .      Spirit   .   f - +0 ring mail
rPois   .          Reflect  .   (helmet restricted)
rElec   .          Harm     .   (no cloak)
rCorr   .          Rampage  .   (no gloves)
Will    .....                   (no boots)
Stlth   +.........              (no amulet)
HPRegen 0.11/turn               (no ring)
MPRegen 0.08/turn               (no ring)

@: lethally poisoned (-4 -> -29)
A: horns 2, retaliatory headbutt
a: no special abilities


You were on level 2 of the Dungeon.
You visited 1 branch of the dungeon, and saw 2 of its levels.

You collected 38 gold pieces.

Inventory:

Hand Weapons
 a - a +0 hand axe (weapon)
Missiles
 c - 5 stones (quivered)
 e - 4 arrows
Armour
 b - a +0 robe
 f - a +0 ring mail (worn)
Scrolls
 d - 2 scrolls of teleportation {unknown}
 g - 2 scrolls of fog {unknown}


   Skills:
 + Level 4.2 Fighting
 + Level 4.1 Axes
 + Level 3.8 Dodging
 + Level 1.6 Stealth


You had 2 spell levels left.
You didn't know any spells.
Your spell library contained the following spells:

 Spells                   Type           Power      Damage    Failure   Level
 Dazzling Flash           Conj/Hex       0%         N/A       95%         3
 Iskenderun's Mystic Bla  Conj/Tloc      0%         2d3       100%        4
 Starburst                Conj/Fire      0%         6d3       100%        6


Dungeon Overview and Level Annotations

Branches:
Dungeon (2/15)

Altars:

Annotations:
D:2 Jessica


Innate Abilities, Weirdness & Mutations

You have a pair of horns on your head.
You reflexively headbutt those who attack you in melee.


Message History

Increase (S)trength, (I)ntelligence, or (D)exterity?
You feel agile. x2
You hit the giant cockroach.
You kill the giant cockroach!
You see here a giant cockroach corpse.
You closely miss the ball python. The ball python barely misses you.
The ball python grabs you. The ball python constricts you.
The ball python bites you. The ball python constricts you.
You hit the ball python. You headbutt the ball python.
You kill the ball python!
Jessica the Apprentice Sorceress comes into view.
She is wielding a +4 dagger of venom.
Jessica shouts!
Jessica casts a spell.
Jessica seems to speed up.
You hit Jessica.
Jessica is lightly wounded.
Jessica hits you with a +4 dagger of venom.
You are poisoned.
Jessica closely misses you.
You barely miss Jessica.
Jessica is lightly wounded.
You feel very sick. Jessica hits you but does no damage.
You hit Jessica.
Jessica is moderately wounded.
You feel sick. Jessica misses you.
Jessica hits you with a +4 dagger of venom.
You are lethally poisoned!
You hit Jessica but do no damage.
Jessica is moderately wounded.
* * * LOW HITPOINT WARNING * * *
You feel very sick.
Jessica hits you with a +4 dagger of venom.
* * * LOW HITPOINT WARNING * * *
Jessica hits you with a +4 dagger of venom.
* * * LOW HITPOINT WARNING * * *
You are more poisoned.
You closely miss Jessica.
Jessica is lightly wounded.
You die...

#<.....'........#
#......####.....#
####...##......##
######......#
#......# #......#
######...†..#
#....#......#
#...@@......#
#...............
#................
###.......#......
#.......#......
.........#......
#.........#######
#..........


You could see Jessica (fast).

Vanquished Creatures
  A worm (D:2)
  3 bats (D:1)
  4 endoplasms
  3 giant cockroaches
  3 goblins (D:1)
  2 hobgoblins (D:1)
  A quokka (D:1)
  2 ball pythons
  2 frilled lizards (D:1)
  3 kobolds (D:1)
  2 rats (D:1)
26 creatures vanquished.

Notes
Turn   | Place    | Note
-------+----------+-------------------------------------------
     0 | D:1      | issech the Minotaur Monk began the quest for the Orb.
     0 | D:1      | Reached XP level 1. HP: 19/19 MP: 0/0
   415 | D:1      | Reached XP level 2. HP: 27/27 MP: 1/1
  1237 | D:2      | Reached XP level 3. HP: 24/33 MP: 2/2
  1241 | D:2      | Noticed Jessica
  1249 | D:2      | Succumbed to Jessica's poison

Illustrated notes

Levels and vault maps discovered:
D:1:      saegor_arrival_simple_e, layout_loops_corners, minivault_14
D:2:      layout_basic, ebering_ecumenical_altar_mist, uniq_crazy_yiuf_cottage,
          uniq_jessica

Skill      XL: |  1  2 |
---------------+-------+-----
Axes           | 4 |  4.1
Fighting       | 4 |  4.2
Dodging        | |  3.8
Stealth        | |  1.6

Action                   || total
-------------------------++-------
Melee: Hand axe          ||    64
       Headbutt          ||     8
       Punch             ||     1
Armor: Robe              ||     9
       Ring mail         ||    11
Dodge: Dodged            ||    40
